 Dungeon Crawl Stone Soup version 0.31.0-11-ge490571c62 (webtiles) character file.

Game seed: 786867997974304367

5985 Persephone the Cruncher (level 10, -22/94 HPs)
             Began as a Minotaur Gladiator on Jan 30, 2024.
             Was an Initiate of Gozag.
             Killed by the air
             ... invoked by Gastronok
              (34 damage)
             ... on level 9 of the Dungeon.
             The game lasted 00:13:02 (7701 turns).

Persephone the Cruncher (Minotaur Gladiator)        Turns: 7701, Time: 00:13:03

Health: -22/94     AC: 12    Str: 22    XL:     10   Next: 55%
Magic:  9/9        EV: 12    Int:  5    God:    Gozag
Gold:   1478       SH:  0    Dex: 13    Spells: 9/9 levels left

rFire   + + .        a - +0 quarterstaff (freeze)
rCold   + . .        (shield currently unavailable)
rNeg    . . .        y - +0 scale mail
rPois   +            c - +1 hat
rElec   +            (no cloak)
rCorr   +            (no gloves)
SInv    .            r - +0 pair of boots
Will    .....        (no amulet) Stlth
                     f - ring of flight
HPRegen 0.35/turn    v - ring of protection from fire
MPRegen 0.11/turn

%: no passive effects
@: resistant, flying, slowed, very slow
A: horns 2, retaliatory headbutt, hooves 1, iridescent scales 1, robust 1
a: Renounce Religion, Potion Petition, Call Merchant, Bribe Branch


You were on level 9 of the Dungeon.
You worshipped Gozag.
Gozag was most pleased with you.
You visited 2 branches of the dungeon, and saw 10 of its levels.

You collected 1996 gold pieces.
You spent 207 gold pieces at shops.
You paid 311 gold pieces to Gozag.

Inventory:

Hand Weapons
 a - a +0 quarterstaff of freezing (weapon)
Missiles
 d - 4 throwing nets (quivered)
 e - a javelin
Armour
 c - a +1 hat (worn)
 r - a +0 pair of boots (worn)
 y - a +0 scale mail (worn)
Jewellery
 f - a ring of flight (left hand)
 v - a ring of protection from fire (right hand)
 B - a ring of ice
 F - a ring of ice
Wands
 p - a wand of mindburst (16)
 u - a wand of quicksilver (8)
 D - a wand of roots (4)
 G - a wand of digging (4)
Scrolls
 b - a scroll of enchant armour
 i - 2 scrolls of identify
 j - 9 scrolls of teleportation
 k - 2 scrolls of brand weapon
 m - 2 scrolls of revelation
 n - a scroll of silence
 t - 2 scrolls of poison
 w - a scroll of immolation
 x - 2 scrolls of enchant weapon
 E - a scroll of amnesia {unknown}
Potions
 h - a potion of mutation
 l - a potion of attraction
 o - a potion of curing
 q - 2 potions of brilliance
 s - a potion of ambrosia {unknown}
 z - a potion of magic {unknown}
 A - a potion of degeneration {unknown}
 C - a potion of haste {unknown}


   Skills:
 + Level 7.1 Fighting
 - Level 14.0 Staves
 + Level 5.9 Throwing
 + Level 6.5 Armour
 + Level 6.9 Dodging


You had 9 spell levels left.
You didn't know any spells.
Your spell library contained the following spells:

 Spells                   Type           Power      Damage    Failure   Level
 Call Imp                 Summ           0%         N/A       88%         2
 Sublimation of Blood     Necr           0%         N/A       88%         2
 Dazzling Flash           Conj/Hex       0%         N/A       98%         3
 Mephitic Cloud           Conj/Alch/Air  0%         N/A       98%         3
 Volatile Blastmotes      Fire/Tloc      0%         2d10      98%         3
 Manifold Assault         Tloc           0%         N/A       100%        4
 Passage of Golubria      Tloc           0%         N/A       100%        4
 Curse of Agony           Necr           0%         N/A       100%        5
 Silence                  Hex/Air        0%         N/A       100%        5
 Dispersal                Tloc           0%         N/A       100%        6
 Starburst                Conj/Fire      0%         6d3       100%        6
 Summon Hydra             Summ           0%         N/A       100%        7
 Disjunction              Tloc           0%         N/A       100%        8
 Lehudib's Crystal Spear  Conj/Erth      0%         10d2      100%        8
 Maxwell's Capacitive Co  Air            0%         ∞         100%        8


Dungeon Overview and Level Annotations

Branches:
Dungeon (9/15)             Temple (1/1) D:6
   Lair: D:8-11         Orc: D:9-12

Altars:
Ashenzari
Cheibriados
Dithmenos
Elyvilon
Fedhas
Gozag
Hepliaklqana
Kikubaaqudgha
Makhleb
Nemelex Xobeh
Okawaru
Qazlal
Ru
Sif Muna
Trog
Uskayaw
Vehumet
Wu Jian
Xom
Yredelemnul
Zin
The Shining One

Shops:
D:1 (   D:3 [   D:7 *

Portals:
Abyss: D:8

Annotations:
D:5 1 runed translucent door, mitya21's ghost, novice OpSh
D:8 2 transporters, stipulation's ghost, novice VSNe
D:9 Gastronok


Innate Abilities, Weirdness & Mutations

You have a pair of horns on your head.
You reflexively headbutt those who attack you in melee.
You have large cloven feet.
You are partially covered in iridescent scales. (AC +2)
You are robust. (+10% HP)


Message History

The rat's corpse disappears in a puff of smoke!
The bat hits you but does no damage.
You hit Gastronok but do no damage.
Gastronok is moderately wounded.
The bat hits you but does no damage.
You sock Gastronok! You freeze Gastronok.
Gastronok is moderately wounded.
The bat hits you but does no damage. Gastronok barely misses you.
You hit Gastronok. You freeze Gastronok.
Gastronok is moderately wounded.
The bat barely misses you.
You hit Gastronok but do no damage.
Gastronok is moderately wounded.
The bat barely misses you. You furiously retaliate!
You headbutt the bat!
You kill the bat!
The bat's corpse disappears in a puff of smoke!
Gastronok bites you!!
You completely miss Gastronok.
Gastronok is moderately wounded.
You sock Gastronok! You freeze Gastronok. You headbutt Gastronok!
Gastronok is heavily wounded.
Gastronok bites you!
You sock Gastronok! You freeze Gastronok. You headbutt Gastronok!
Gastronok is heavily wounded.
You sock Gastronok! You freeze Gastronok.
Gastronok is severely wounded.
You sock Gastronok! You freeze Gastronok. You headbutt Gastronok!
Gastronok is severely wounded.
Gastronok waves his eye-stalks in wide circles.
The air twists around and strikes you!!
* * * LOW HITPOINT WARNING * * *
You sock Gastronok! You freeze Gastronok.
Gastronok is almost dead.
You hit Gastronok. You freeze Gastronok. You headbutt Gastronok!
Gastronok is almost dead.
Gastronok waves his eye-stalks in wide circles.
The air twists around and strikes you!!
You die...
Gastronok gurgles, "About time.
I'm starving!"
Your body crumbles into a pile of gold.

...# #...............
...# ###...............
...# ........[.........
..## ###...............
..# # ###.............
..#
.#.########.............
........................
........................
......w@................
##
........................
.#
.......................)
.#
........................
.###
.............###########
... .............# .###
.............# ....
.............# .#######


You could see Gastronok.

Vanquished Creatures
  A two-headed ogre (D:8)
  Pikel (D:6)
  A cyclops (D:8)
  A troll (D:7)
  Prince Ribbit (D:6)
  A hornet (D:7)
  Sigmund (D:6)
  5 yaks (D:8)
  4 vampire mosquitoes (D:8)
  2 steam dragons
  Edmund (D:5)
  Menkaure (D:6)
  2 sky beasts
  2 orc warriors (D:9)
  2 ice beasts
  3 black bears
  A centaur (D:9)
  3 lemures
  A gnoll sergeant (D:8)
  A kobold brigand (D:6)
  A scorpion (D:5)
  3 bullfrogs
  A wight (D:8)
  3 killer bees (D:8)
  A bombardier beetle (D:4)
  An orc priest (D:7)
  A hound (D:7)
  A jelly (D:4)
  A gnoll bouda (D:6)
  2 iguanas (D:6)
  6 orc wizards
  A sleepcap (D:4)
  10 gnolls
  5 adders
  A shadow imp (D:3)
  A white imp (D:8)
  2 ufetubi (D:7)
  5 ribbon worms (D:2)
  2 dart slugs
  16 orcs
  8 ball pythons
  5 bats
  4 endoplasms
  5 giant cockroaches
  7 goblins
  8 hobgoblins
  7 jackals
  3 quokkas
  4 frilled lizards
  9 kobolds
  11 rats
170 creatures vanquished.

Notes
Turn   | Place    | Note
-------+----------+-------------------------------------------
     0 | D:1      | Persephone the Minotaur Gladiator began the quest for the
                  | Orb.
     0 | D:1      | Reached XP level 1. HP: 18/18 MP: 0/0
    74 | D:1      | Reached skill level 4 in Staves
   165 | D:1      | Found Doilaos's Antique Weapon Shop.
   192 | D:1      | Reached XP level 2. HP: 20/25 MP: 1/1
   524 | D:1      | Reached skill level 5 in Staves
   652 | D:2      | Reached XP level 3. HP: 26/30 MP: 2/2
   662 | D:2      | Gained mutation: You are partially covered in iridescent
                  | scales. (AC +2) [potion of mutation]
   662 | D:2      | Gained mutation: You are robust. (+10% HP) [potion of
                  | mutation]
   662 | D:2      | Gained mutation: You have large cloven feet. [potion of
                  | mutation]
   938 | D:2      | Reached XP level 4. HP: 37/40 MP: 3/3
   941 | D:2      | Reached skill level 6 in Staves
  1052 | D:2      | Found a faded altar of an unknown god.
  1339 | D:3      | Found a stormy altar of Qazlal.
  1925 | D:3      | Found Ezur's Armour Emporium.
  2460 | D:4      | HP: 1/40 [acid (8)]
  2462 | D:4      | Reached skill level 7 in Staves
  2462 | D:4      | Reached XP level 5. HP: 2/46 MP: 4/4
  2761 | D:4      | Reached skill level 8 in Staves
  3062 | D:5      | Entered Level 5 of the Dungeon
  3068 | D:5      | Reached XP level 6. HP: 55/55 MP: 5/5
  3173 | D:5      | Noticed Edmund
  3185 | D:5      | Killed Edmund
  3186 | D:5      | Reached skill level 9 in Staves
  3474 | D:5      | Found a runed translucent door.
  3474 | D:5      | Noticed mitya21's ghost (novice OpSh)
  3517 | D:5      | Found a shimmering blue altar of Sif Muna.
  4055 | D:6      | Reached XP level 7. HP: 43/61 MP: 6/6
  4075 | D:6      | Noticed Pikel
  4199 | D:6      | Killed Pikel
  4200 | D:6      | Reached skill level 11 in Staves
  4283 | D:6      | Reached XP level 8. HP: 51/68 MP: 7/7
  4349 | D:6      | Noticed a moth of wrath
  4357 | D:6      | Found a bloodstained altar of Trog.
  4423 | D:6      | Noticed Sigmund
  4425 | D:6      | Killed Sigmund
  4426 | D:6      | Reached skill level 12 in Staves
  4487 | D:6      | Found a staircase to the Ecumenical Temple.
  4530 | Temple   | Entered the Ecumenical Temple
  4543 | Temple   | Became a worshipper of Gozag Ym Sagoz the Greedy
  4702 | D:6      | Noticed Prince Ribbit
  4718 | D:6      | Killed Prince Ribbit
  4976 | D:6      | Reached skill level 13 in Staves
  5118 | D:6      | Noticed Menkaure
  5126 | D:6      | Killed Menkaure
  5286 | D:6      | Identified a scroll of acquirement
  5288 | D:6      | Acquired 1006 gold pieces
  5672 | D:7      | Reached skill level 14 in Staves
  5710 | D:7      | Noticed a troll
  5718 | D:7      | Killed a troll
  5719 | D:7      | Reached skill level 1 in Armour
  5719 | D:7      | Reached XP level 9. HP: 57/75 MP: 8/8
  6212 | D:7      | Found Aqudd's Assorted Antiques.
  6267 | D:7      | Bought a glowing amethyst potion for 27 gold pieces
  6267 | D:7      | Bought a scroll of teleportation for 90 gold pieces
  6267 | D:7      | Bought a scroll labelled TEBLURUMOC for 30 gold pieces
  6267 | D:7      | Bought a scroll of identify for 60 gold pieces
  6315 | D:8      | Reached skill level 5 in Dodging
  6322 | D:8      | Reached skill level 5 in Fighting
  6426 | D:8      | Found a transporter.
  6474 | D:8      | Noticed a cyclops
  6483 | D:8      | Killed a cyclops
  6606 | D:8      | Reached skill level 5 in Armour
  6606 | D:8      | Reached XP level 10. HP: 91/91 MP: 9/9
  6653 | D:8      | Noticed a two-headed ogre
  6659 | D:8      | Killed a two-headed ogre
  6660 | D:8      | Reached skill level 5 in Throwing
  6807 | D:8      | Found a transporter.
  6896 | D:8      | Noticed stipulation's ghost (novice VSNe)
  6897 | D:8      | Found a one-way gate to the infinite horrors of the Abyss.
  6901 | D:8      | Noticed a green ugly thing
  6911 | D:8      | Noticed a toenail golem
  7568 | D:9      | Identified the +0 robe of Mezcal {*Corrode ^Drain Int+6
                  | Archmagi}
  7678 | D:9      | Noticed Gastronok
  7701 | D:9      | Killed from afar by Gastronok

Illustrated notes

Levels and vault maps discovered:
D:1:      dpeg_arrival_erosion, layout_basic, serial_shops,
          nicolae_shop_tiny_glass
D:2:      layout_rooms, shapermc_ecumenical_altar_mp_highgroup, minmay_vboxes
D:3:      layout_basic, nicolae_qazlal_scattered_showers, serial_shops,
          nicolae_shop_temple_entry_statues_fountains
D:4:      layout_rooms
D:5:      layout_loops_cross, lemuel_round_altar, ebering_ghost_inner_flame,
          fountainhead, uniq_edmund
D:6:      layout_gridville, tgw_trog, minmay_temple_entry_mini_moons,
          uniq_pikel, uniq_menkaure, uniq_sigmund, uniq_prince_ribbit1
D:7:      layout_cave_pools, kennysheep_windowed_goal
D:8:      layout_loops_ring, gammafunk_ghost_abyssal_escape, minmay_between
D:9:      layout_basic, orc_0_dummy, uniq_gastronok
Temple:   compressed_dpeg_triangle_lava_temple

Skill      XL: |  1  2  3  4  5  6  7  8  9 10 |
---------------+-------------------------------+-----
Staves         | 4 5 7 8 9 11 14 | 14.0
Fighting       | 3 5 7 |  7.1
Armour         | 1 5 6 |  6.5
Dodging        | 5 6 |  6.9
Throwing       | 4 5 |  5.9

Action                     |  1- 3 |  4- 6 |  7- 9 | 10-12 || total
---------------------------+-------+-------+-------+-------++-------
  Melee: Quarterstaff      |    78 |   117 |   187 |    98 ||   480
         Headbutt          |    11 |    18 |    29 |    27 ||    85
         Kick              |     6 |     3 |       |       ||     9
 Invoke: Potion Petition   |       |       |       |     1 ||     1
    Use: Potion            |     1 |     5 |       |     1 ||     7
         Scroll            |       |     8 |     6 |       ||    14
   Stab: Sleeping          |     1 |       |       |       ||     1
         Distracted        |       |       |     3 |       ||     3
 Armour: Leather armour    |    48 |    73 |    52 |       ||   173
         Scale mail        |       |       |    66 |    44 ||   110
  Dodge: Dodged            |    59 |    76 |    71 |    32 ||   238
